Map: Eternal Empire LE

Players

DIMAGA

  • Race: Zerg Zerg
  • Spawn Location: 7:00

Kelazhur - Winner!

  • Race: Terran Terran
  • Spawn Location: 1:00

Event: IEM Katowice 2020

VOD

Have the link to the VOD?

Description

Time

  • Played on: Feb. 25, 2020, 11:12 a.m.
  • Length: 19:25

All games in this series

Show
View Real Time Build Order
Export as new Build Order

DIMAGA Zerg 

Build Orders: Hatch First, Swarm Host 

Get SALT Encoding   

  12  0:00  Drone  
  13  0:13  Overlord  
  13  0:17  Drone  
  14  0:31  Drone  
  14  0:32  Drone  
  16  0:48  Hatchery  
  15  0:51  Drone  
  15  0:55  Drone  
  17  0:58  Drone  
  18  1:08  Extractor  
  17  1:13  Spawning Pool  
  17  1:17  Drone  
  17  1:20  Drone  
  18  1:29  Drone  
  19  1:40  Drone  
  20  1:50  Overlord  
  20  2:00  Queen x2  
  25  2:01  Zergling x4  
  26  2:12  Drone x2  
  28  2:24  Hatchery  
  27  2:30  Drone x2  
  29  2:38  Drone x2  
  29  2:41  Metabolic Boost  
  31  2:48  Overlord  
  30  2:55  Queen  
  32  2:58  Drone x2  
  32  3:00  Drone  
  35  3:10  Drone x4  
  35  3:12  Drone  
  40  3:16  Overlord  
  40  3:23  Drone  
  41  3:30  Zergling x2  
  41  3:34  Queen  
  42  3:36  Queen  
  42  3:37  Zergling x2  
  42  3:41  Overlord, Drone  
  48  3:47  Drone x5  
  53  3:56  Drone x2  
  55  4:05  Zergling x4  
  55  4:07  Drone x4  
  61  4:10  Queen  
  61  4:12  Queen  
  61  4:15  Overlord  
  65  4:18  Overlord  
  65  4:20  Overlord  
  65  4:27  Evolution Chamber  
  65  4:28  Evolution Chamber  
  63  4:32  Drone x2  
  65  4:40  Overlord  
  65  4:43  Drone x10  
  75  4:47  Queen  
  75  4:51  Queen  
  79  5:01  Zergling x2  
  79  5:02  Zergling x10  
  82  5:09  Zerg Melee Weapons Level 1, Zerg Ground Armor Level 1  
  81  5:17  Zergling x14  
  86  5:27  Drone  
  72  5:39  Spore Crawler  
  72  5:40  Spore Crawler  
  72  5:41  Lair  
  70  5:45  Drone x7  
  77  5:50  Spore Crawler  
  77  5:53  Drone x3  
  78  6:02  Drone x3, Baneling Nest  
  80  6:06  Extractor  
  80  6:07  Extractor  
  80  6:08  Extractor  
  80  6:09  Extractor  
  76  6:14  Drone  
  76  6:16  Drone x2  
  79  6:21  Hatchery  
  79  6:23  Drone x7  
  79  6:24  Drone  
  86  6:32  Overlord x2  
  86  6:46  Baneling x3  
  85  6:47  Zergling x8  
  85  6:52  Roach Warren  
  85  6:53  Infestation Pit  
  81  6:56  Spore Crawler  
  81  6:59  Zergling x20  
  71  7:09  Zergling x10  
  69  7:17  Overlord  
  69  7:18  Drone x2  
  65  7:31  Drone x3  
  66  7:40  Drone x5  
  70  7:53  Roach x5  
  80  8:00  Spire  
  80  8:02  Drone x4  
  79  8:06  Baneling x6  
  79  8:07  Centrifical Hooks  
  78  8:17  Drone  
  78  8:18  Drone x4  
  79  8:31  Drone x6  
  82  8:42  Drone x4  
  83  8:52  Drone x2  
  83  8:53  Drone x2  
  83  8:54  Zerg Missile Weapons Level 1, Zerg Melee Weapons Level 2  
  87  9:01  Hatchery  
  86  9:04  Drone x3  
  86  9:09  Ravager x5  
  94  9:12  Extractor  
  94  9:14  Corruptor x2  
  97  9:21  Drone  
  97  9:24  Drone  
  99  9:25  Corruptor x2  
  103  9:33  Corruptor  
  103  9:35  Overlord x3  
  105  9:43  Spore Crawler, Drone  
  105  9:48  Corruptor x3  
  111  9:54  Glial Reconstitution  
  111  9:56  Zergling x8  
  115  10:07  Roach x6  
  125  10:18  Drone x10  
  129  10:22  Baneling  
  129  10:23  Baneling  
  129  10:26  Zergling x14  
  136  10:32  Overlord  
  136  10:33  Overlord  
  136  10:43  Swarm Host  
  136  10:44  Swarm Host  
  136  10:45  Overlord x3  
  136  10:49  Spore Crawler  
  141  10:51  Unknown, Spine Crawler  
  141  10:53  Zerg Missile Weapons Level 2  
  139  11:00  Swarm Host x4  
  150  11:06  Overlord, Swarm Host x2  
  156  11:12  Swarm Host x3  
  165  11:22  Drone x5  
  165  11:23  Drone  
  171  11:26  Baneling x3  
  171  11:27  Ravager x3  
  174  11:35  Hatchery  
  174  11:39  Infestation Pit, Swarm Host x2  
  176  11:45  Corruptor  
  171  11:48  Zergling x20  
  178  11:57  Swarm Host x3  
  178  11:59  Overlord x2  
  187  12:06  Spine Crawler  
  186  12:11  Baneling  
  186  12:12  Baneling x9  
  186  12:17  Zergling x16  
  182  12:25  Zergling x2  
  182  12:26  Zergling x18  
  192  12:35  Zergling x16  
  190  12:39  Zergling x2, Roach x2  
  185  12:49  Roach x6  
  175  12:54  Baneling x9  
  175  12:55  Zergling x4  
  173  13:01  Hive  
  173  13:02  Ravager x2  
  175  13:10  Roach x4  
  180  13:14  Zergling x8  
  177  13:24  Zergling x2, Roach x5  
  188  13:28  Baneling x3  
  188  13:29  Ravager, Baneling x5  
  188  13:30  Ravager  
  188  13:31  Ravager x3  
  188  13:32  Ravager  
  194  13:48  Roach x5  
  179  14:00  Roach x11  
  192  14:09  Corruptor x2  
  190  14:22  Swarm Host  
  190  14:23  Overlord  
  190  14:24  Overlord  
  182  14:26  Zergling x2, Roach x6  
  192  14:37  Adrenal Glands  
  192  14:41  Extractor  
  192  14:44  Zergling x16  
  189  15:03  Hatchery  
  189  15:06  Baneling x11  
  186  15:07  Zergling x2  
  186  15:08  Zergling x14  
  193  15:19  Zergling x14  
  194  15:27  Zergling x2  
  194  15:28  Zergling x8  
  200  15:29  Nydus Network  
  200  15:35  Hatchery  
  198  15:37  Zergling x4  
  198  15:40  Zerg Missile Weapons Level 3  
  198  16:00  Baneling x7  
  190  16:09  Zergling x2, Baneling x11  
  190  16:10  Zergling x18  
  173  16:23  Zergling x20  
  149  16:33  Corruptor x2  
  149  16:37  Corruptor  
  145  16:48  Corruptor x3  
  135  17:01  Corruptor x4  
  129  17:08  Corruptor  
  128  17:20  Corruptor x2  
  123  17:32  Corruptor x2  
  123  17:35  Roach  
  107  17:42  Nydus Canal  
  90  17:46  Roach  
  90  17:47  Zergling x10  
  95  18:03  Drone x4  
  99  18:07  Extractor  
  99  18:08  Roach x3  
  104  18:21  Ravager  
  104  18:22  Ravager  
  104  18:26  Roach x3  
  112  18:29  Unknown  
  112  18:30  Zergling x18  
  120  18:37  Nydus Canal  
  117  18:41  Roach  
  117  18:42  Roach x3  
  117  18:46  Zergling x2, Roach  
  128  19:00  Baneling x10  
  128  19:01  Zergling x10  
  131  19:08  Zergling x2  
Show
View Real Time Build Order
Export as new Build Order

Kelazhur Terran - Winner!

Build Orders: Hellion Opening, Reaper Expand, Mech 

Get SALT Encoding   

  12  0:00  SCV  
  13  0:12  SCV  
  14  0:17  Supply Depot  
  14  0:24  SCV  
  15  0:38  SCV  
  15  0:39  Barracks  
  16  0:43  Refinery  
  16  0:50  SCV  
  17  1:02  SCV  
  18  1:14  SCV  
  19  1:25  Reaper  
  19  1:27  Orbital Command  
  20  1:39  Command Center  
  20  1:48  Supply Depot  
  20  1:52  SCV  
  21  1:57  Marine  
  22  2:03  Factory  
  22  2:07  SCV  
  23  2:12  Refinery  
  23  2:19  SCV, Barracks Reactor  
  24  2:31  SCV  
  25  2:43  SCV  
  26  2:52  Orbital Command  
  26  2:55  SCV  
  27  2:59  Starport  
  27  3:03  Hellion x2  
  31  3:07  SCV  
  32  3:18  SCV  
  32  3:19  SCV  
  34  3:24  Hellion x2  
  38  3:30  SCV  
  38  3:31  SCV  
  40  3:37  Medivac  
  40  3:40  Supply Depot  
  42  3:46  Armory  
  42  3:47  Hellion x2  
  46  4:00  Supply Depot  
  46  4:02  SCV x2  
  48  4:03  Supply Depot  
  48  4:04  Fusion Core  
  48  4:11  Hellion x2  
  48  4:14  SCV x2  
  54  4:17  Starport Tech Lab  
  54  4:28  SCV  
  55  4:32  Hellion x2  
  59  4:38  SCV  
  59  4:41  SCV, Liberator  
  64  4:47  Supply Depot  
  64  4:49  Command Center  
  64  4:53  SCV  
  64  4:54  SCV, Supply Depot  
  66  5:06  SCV x2  
  68  5:09  Hellion x2  
  72  5:15  Supply Depot, Refinery x2  
  72  5:18  SCV x2  
  70  5:30  SCV  
  70  5:31  SCV  
  70  5:34  Battlecruiser  
  65  5:39  Hellion  
  65  5:40  Hellion  
  65  5:42  SCV  
  70  5:43  SCV  
  71  5:53  Factory  
  71  5:54  SCV, Factory  
  71  5:56  SCV  
  73  6:01  Hellion x2  
  73  6:03  Orbital Command  
  77  6:06  SCV  
  77  6:08  SCV  
  79  6:15  Supply Depot  
  80  6:18  SCV  
  80  6:20  SCV  
  80  6:22  Hellion  
  80  6:23  Hellion  
  85  6:30  SCV  
  85  6:32  SCV  
  87  6:33  Refinery  
  87  6:34  Supply Depot  
  87  6:36  Refinery  
  87  6:42  SCV  
  87  6:44  SCV  
  89  6:47  Battlecruiser  
  95  6:54  SCV  
  95  6:56  SCV  
  95  6:58  Hellion, Factory Tech Lab x2  
  95  6:59  Hellion  
  101  7:04  Orbital Command  
  101  7:07  SCV  
  99  7:08  SCV  
  92  7:19  SCV  
  92  7:20  SCV  
  89  7:23  Hellion x2, Siege Tank x2  
  89  7:25  Terran Vehicle Weapons Level 1  
  89  7:29  SCV  
  100  7:31  SCV  
  100  7:32  SCV  
  102  7:40  Command Center  
  102  7:41  SCV  
  101  7:45  Hellion x2  
  101  7:47  SCV x2, Engineering Bay  
  101  7:49  Supply Depot  
  101  7:50  Weapon Refit  
  107  7:54  SCV  
  108  7:59  SCV  
  108  8:00  Siege Tank x2  
  108  8:03  SCV  
  116  8:06  SCV  
  116  8:10  Supply Depot  
  116  8:11  SCV, Hellion  
  116  8:12  Hellion  
  122  8:15  SCV, Battlecruiser  
  122  8:18  SCV  
  130  8:23  SCV  
  125  8:32  SCV x2  
  125  8:34  Factory x2  
  121  8:37  Hellion, Siege Tank  
  121  8:38  Hellion, Siege Tank  
  131  8:43  Supply Depot  
  131  8:45  Supply Depot  
  131  8:50  Supply Depot  
  131  8:51  Supply Depot  
  131  8:57  SCV  
  131  8:58  SCV  
  131  9:01  Supply Depot  
  131  9:02  Supply Depot  
  133  9:03  Hellion x2  
  133  9:04  Infernal Pre-Igniter  
  133  9:07  Unknown  
  137  9:10  Armory  
  137  9:12  Cyclone x2  
  137  9:16  SCV  
  137  9:17  SCV  
  145  9:22  Command Center  
  145  9:25  Factory Reactor, Command Center, Factory Tech Lab  
  145  9:28  Planetary Fortress  
  145  9:30  SCV x3  
  148  9:36  Supply Depot  
  148  9:37  Hellion x2, Mag-Field Accelerator  
  152  9:39  Supply Depot  
  152  9:49  Cyclone x2  
  152  9:52  Supply Depot  
  158  9:54  Terran Vehicle Weapons Level 2  
  158  10:02  Cyclone  
  158  10:03  Hellion x4  
  169  10:10  Terran Vehicle And Ship Armor Level 1  
  161  10:26  Cyclone x2  
  161  10:28  Hellion x4  
  175  10:34  SCV  
  176  10:38  Orbital Command  
  176  10:39  Command Center  
  176  10:42  Command Center  
  174  10:45  Refinery  
  174  10:49  Refinery  
  174  10:52  Missile Turret  
  174  10:53  Missile Turret  
  174  10:55  Cyclone  
  174  10:56  Hellion x4  
  185  10:57  Missile Turret  
  185  11:02  Missile Turret x2  
  185  11:05  Planetary Fortress  
  185  11:07  Factory x2  
  185  11:08  Factory  
  185  11:09  Missile Turret  
  185  11:10  Siege Tank x2  
  189  11:20  Hellion x4  
  197  11:27  Siege Tank  
  197  11:54  Orbital Command x2  
  197  12:06  Terran Vehicle And Ship Armor Level 2  
  197  12:10  Starport x3  
  188  12:34  Thor x3  
  188  12:35  Factory Reactor, Factory Tech Lab x2  
  197  12:50  Hellion x4  
  180  12:52  Battlecruiser  
  184  13:00  Terran Vehicle Weapons Level 3  
  182  13:06  Cyclone  
  182  13:20  Hellion x3  
  182  13:22  Hellion x2  
  182  13:23  Hellion  
  182  13:24  Cyclone x3  
  199  13:44  Starport Tech Lab x2  
  194  13:48  Command Center x2  
  194  13:50  Cyclone x2  
  194  13:51  Hellion x6  
  185  13:56  Cyclone  
  185  14:01  Hellion  
  172  14:19  Cyclone  
  172  14:20  Hellion  
  172  14:21  Hellion x4  
  172  14:22  Battlecruiser, Cyclone x2  
  172  14:23  Battlecruiser  
  197  14:29  Terran Vehicle And Ship Armor Level 3  
  197  14:51  Starport Tech Lab  
  195  15:03  Battlecruiser  
  199  15:10  Command Center  
  199  15:16  Drilling Claws, Smart Servos  
  197  15:28  Battlecruiser  
  197  15:37  Terran Ship Weapons Level 1  
  197  15:46  Sensor Tower  
  197  15:52  Missile Turret  
  197  15:54  Missile Turret  
  187  16:08  Battlecruiser x3  
  200  16:17  Sensor Tower  
  199  16:18  Hellion x2  
  199  16:19  Refinery  
  199  16:21  Refinery  
  169  16:28  Hellion x3  
  169  16:29  Cyclone  
  169  16:32  Cyclone x4  
  188  16:37  Sensor Tower  
  188  16:50  Hellion x6  
  170  17:01  Cyclone  
  170  17:02  SCV x6  
  170  17:04  Cyclone  
  170  17:05  Cyclone x3  
  170  17:07  Refinery  
  187  17:11  Hellion x2  
  187  17:13  Hellion x3  
  194  17:27  Hellion  
  194  17:28  Planetary Fortress  
  192  17:31  SCV x3  
  192  17:32  Hellion  
  192  17:33  Cyclone  
  199  17:37  Planetary Fortress  
  199  17:43  Hellion x3  
  197  17:47  SCV  
  190  18:07  Hi-Sec Auto Tracking  
  190  18:08  Missile Turret  
  196  18:13  Battlecruiser  
  194  18:48  Refinery  
  194  18:49  Missile Turret x2, Sensor Tower  

Tags
 
Add a new tag
Caveats
  • Supply blocks, unpowered buildings, or Contaminate may cause inaccurate times.
  • Supply counts are checked every 10 seconds.